 Dungeon Crawl Stone Soup version 0.23-a0-29-g1be82e5 (webtiles) character file.

10 Amnesiac the Digger (level 2, -1/19 HPs)
             Began as a Mummy Earth Elementalist on Aug 3, 2018.
             Slain by a worker ant (2 damage)
             ... on level 4 of the Dungeon.
             The game lasted 00:01:18 (310 turns).

Amnesiac the Digger (Mummy Earth Elementalist)       Turns: 310, Time: 00:01:19

Health: -1/19      AC:  4    Str: 11    XL:     2   Next: 10%
Magic:  0/5        EV: 12    Int: 14    God:
Gold:   47         SH:  0    Dex: 12    Spells: 3/6 levels left

rFire    x . .     SeeInvis .   (no weapon)
rCold    + + .     Gourm    .   (no shield)
rNeg     + + +     Faith    .   d - +2 robe {rC+}
rPois    ∞         Spirit   .   (no helmet)
rElec    .         Reflect  .   (no cloak)
rCorr    .         Harm     .   (no gloves)
MR       .....                  (no boots)
Stlth    ++........             (no amulet)
HPRegen  0.06/turn              (no ring)
MPRegen  0.09/turn              (no ring)

@: very slightly contaminated
A: no food or potions, fire vulnerability, cold resistance 1, negative energy
resistance 3, torment resistance, unbreathing
a: no special abilities


You were on level 4 of the Dungeon.
You were not hungry.

You visited 1 branch of the dungeon, and saw 4 of its levels.

You collected 47 gold pieces.

Inventory:

Missiles
 b - 56 stones (quivered)
Armour
 d - a +2 robe of cold resistance (worn)
Scrolls
 c - 2 scrolls of remove curse {!r}


   Skills:
 - Level 1.5 Dodging
 - Level 1.5 Stealth
 + Level 2.8 Spellcasting
 - Level 0.7 Transmutations
 * Level 2.9 Earth Magic


You had 3 spell levels left.
You knew the following spells:

 Your Spells              Type           Power        Failure   Level  Hunger
a - Sandblast             Erth           ##....       7%          1    N/A
b - Passwall              Tmut/Erth      #.......     16%         2    N/A

Your spell library contained the following spells:

 Spells                   Type           Power        Failure   Level  Hunger
 Stone Arrow              Conj/Erth      #.....       34%         3    N/A
 Lee's Rapid Deconstruct  Erth           ##........   88%         5    N/A
 Petrify                  Tmut/Erth      #.......     71%         4    N/A

Dungeon Overview and Level Annotations

Branches:
Dungeon (4/15)
 Temple: D:4-7

Altars:


Innate Abilities, Weirdness & Mutations

You do not eat or drink.
Your flesh is vulnerable to fire.
You are immune to poison.
Your flesh is cold resistant. (rC+)
You are immune to negative energy. (rN+++)
You are immune to unholy pain and torment.
You can survive without breathing.


Message History

* * * LOW HITPOINT WARNING * * *
Casting: Sandblast (safe; 7% risk of failure)
Confirm with . or Enter, or press ? or * to list all spells.
Aiming: Sandblast (safe; 7% risk of failure)
Press: ? - help, Shift-Dir - straight line, f/p - worker ant
Aim: a worker ant The blast of sand hits the worker ant.
The worker ant is moderately wounded.
b - 61 stones The worker ant misses you.
Casting: Sandblast (safe; 7% risk of failure)
Confirm with . or Enter, or press ? or * to list all spells.
Aiming: Sandblast (safe; 7% risk of failure)
Press: ? - help, Shift-Dir - straight line, f/p - worker ant
Aim: a worker ant (moderately wounded)
The blast of sand hits the worker ant.
The worker ant is severely wounded.
b - 60 stones The worker ant barely misses you.
Casting: Sandblast (safe; 7% risk of failure)
Confirm with . or Enter, or press ? or * to list all spells.
Aiming: Sandblast (safe; 7% risk of failure)
Press: ? - help, Shift-Dir - straight line, f/p - worker ant
Aim: a worker ant (severely wounded)
The blast of sand hits the worker ant.
The worker ant is severely wounded.
b - 59 stones The worker ant barely misses you.
Casting: Sandblast (safe; 7% risk of failure)
Confirm with . or Enter, or press ? or * to list all spells.
Aiming: Sandblast (safe; 7% risk of failure)
Press: ? - help, Shift-Dir - straight line, f/p - worker ant
Aim: a worker ant (severely wounded)
The blast of sand misses the worker ant.
b - 58 stones The worker ant bites you but does no damage.
The worker ant closely misses you.
Casting: Sandblast (safe; 7% risk of failure)
Confirm with . or Enter, or press ? or * to list all spells.
You don't have enough magic to cast that spell.
The worker ant bites you but does no damage.
Casting: Sandblast (safe; 7% risk of failure)
Confirm with . or Enter, or press ? or * to list all spells.
Aiming: Sandblast (safe; 7% risk of failure)
Press: ? - help, Shift-Dir - straight line, f/p - worker ant
Aim: a worker ant (severely wounded)
The blast of sand misses the worker ant.
b - 57 stones The worker ant bites you.
* * * LOW HITPOINT WARNING * * *
The worker ant bites you.
* * * LOW HITPOINT WARNING * * *
The worker ant bites you.
* * * LOW HITPOINT WARNING * * *
A giant cockroach comes into view.
Casting: Sandblast (safe; 7% risk of failure)
Confirm with . or Enter, or press ? or * to list all spells.
Aiming: Sandblast (safe; 7% risk of failure)
Press: ? - help, Shift-Dir - straight line, f/p - worker ant
Aim: a worker ant (severely wounded)
The blast of sand misses the worker ant.
b - 56 stones The worker ant bites you.
You die...

##.......# ....
#......... . #..
##......... .. ##..
#.......... #.. #...
#..<....... #..##..#
#.......... . #....#
#..........
....#...######..........
.......@a...............
......#######...........
..... ####........ ....
####..... ..s #####. ..
#. . #.


You could see a worker ant and a giant cockroach.

Vanquished Creatures
  A leopard gecko (D:3)
  2 bats (D:1)
  2 goblins
  A kobold (D:1)
  A frilled lizard (D:2)
  2 rats
9 creatures vanquished.

Notes
Turn   | Place    | Note
-------+----------+-------------------------------------------
     0 | D:1      | Amnesiac the Mummy Earth Elementalist began the quest for the Orb.
     0 | D:1      | Reached XP level 1. HP: 13/13 MP: 4/4
   240 | D:2      | Reached XP level 2. HP: 14/19 MP: 5/5
   251 | D:2      | Learned a level 2 spell: Passwall
   310 | D:4      | Slain by a worker ant

Vault maps used:
D:1:      evilmike_arrival_fibonacci_small
D:2:      serial_undead, serial_undead_f, serial_undead_e, serial_undead_f,
          serial_undead_b, serial_bayou_pond_e, uniq_terence
D:3:      bloody_makhleb
D:4:      minmay_temple_entry_enclosed_plants, nicolae_ossuary_entry_ruins,
          serial_shops, shop, nicolae_gozag_seed_capital

Action                   || total
-------------------------++-------
Melee: Unarmed           ||    11
 Cast: Sandblast         ||    16
  Use: Scroll            ||     3
 Stab: Sleeping          ||     1
Armor: Robe              ||     8
Dodge: Dodged            ||    15

Table legend:
 A = Spawn XP
 B = Non-spawn XP
 C = Spawn XP percentage of total XP
 D = Spawn monster count
 E = Non-spawn monster count
 F = Spawn count percentage of total count
 G = Total turns spent on level
                    A         B        C        D         E        F      G
               +---------+---------+-------+---------+---------+-------+---------
         Total |       0 |      15 |   0.0 |       0 |       9 |   0.0 |   310
               +---------+---------+-------+---------+---------+-------+---------
           D:1 |       0 |       8 |   0.0 |       0 |       5 |   0.0 |   220
           D:2 |       0 |       4 |   0.0 |       0 |       3 |   0.0 |    32
           D:3 |       0 |       3 |   0.0 |       0 |       1 |   0.0 |    22
               +---------+---------+-------+---------+---------+-------+---------
